 Dungeon Crawl Stone Soup version 0.22.1-1-ga44c0e5 (webtiles) character file.

112 leisz the Digger (level 4, -3/39 HPs)
             Began as a Gargoyle Earth Elementalist on Oct 4, 2018.
             Was a Follower of Vehumet.
             Killed from afar by Jamjie98's ghost (12 damage)
             ... with a flame tongue
             ... on level 3 of the Dungeon.
             The game lasted 00:09:45 (3080 turns).

leisz the Digger (Gargoyle Earth Elementalist)      Turns: 3080, Time: 00:09:46

Health: -3/39      AC: 22    Str: 12    XL:     4   Next: 95%
Magic:  5/8        EV:  2    Int: 16    God:    Vehumet [*.....]
Gold:   112        SH:  0    Dex: 10    Spells: 8/9 levels left

rFire    . . .     SeeInvis .   n - +0 whip
rCold    . . .     Gourm    +   (no shield)
rNeg     + + +     Faith    .   (armour currently unavailable)
rPois    ∞         Spirit   .   (helmet currently unavailable)
rElec    .         Reflect  .   (cloak currently unavailable)
rCorr    .         Harm     .   (gloves currently unavailable)
MR       .....     NoTele   +   (boots currently unavailable)
Stlth    ++........             q - amulet of the gourmand
HPRegen  0.13/turn              z - ring of poison resistance
MPRegen  0.11/turn              (no ring)

@: tree-form
A: negative energy resistance 1, petrification resistance, rot immunity, AC +3
a: Renounce Religion


You were on level 3 of the Dungeon.
You worshipped Vehumet.
Vehumet was aware of your devotion.
You were very full.
You were a tree.
You visited 1 branch of the dungeon, and saw 3 of its levels.

You collected 112 gold pieces.

Inventory:

Hand Weapons
 g - a +0 dagger
 l - a +0 short sword
 n - a +0 whip (weapon)
Missiles
 b - 124 stones (quivered)
Armour
 c - a +0 robe
 h - a +0 ring mail (melded)
 r - a +0 leather armour
 x - a +0 pair of boots (melded)
 y - a +0 cloak (melded)
Jewellery
 q - an amulet of the gourmand (around neck)
 z - a ring of poison resistance (left branch)
Scrolls
 f - 4 scrolls of remove curse
 k - 2 scrolls of enchant armour {unknown}
 m - 3 scrolls of teleportation {unknown}
 o - a scroll of magic mapping {unknown}
 s - 2 scrolls of identify {unknown}
 v - a scroll of fog {unknown}
 w - a scroll of enchant weapon {unknown}
Potions
 e - a potion of degeneration {unknown}
 i - 4 potions of curing
 p - a potion of cancellation {unknown}
 t - a potion of brilliance {unknown}
 u - a potion of might {unknown}
Comestibles
 d - 6 rations
 A - a chunk of flesh


   Skills:
 + Level 2.2 Fighting
 - Level 1.7 Dodging
 - Level 2.5 Stealth
 + Level 3.0 Spellcasting
   Level 0.7 Transmutations
 + Level 4.7 Earth Magic


You had 8 spell levels left.
You knew the following spells:

 Your Spells              Type           Power        Failure   Level  Hunger
a - Sandblast             Erth           ###...       2%          1    #......

Your spell library contained the following spells:

 Spells                   Type           Power        Failure   Level  Hunger
 Freeze                   Ice            #...         19%         1    #......
 Passwall                 Tmut/Erth      ##......     10%         2    ##.....
 Stone Arrow              Conj/Erth      ##....       22%         3    ###....
 Petrify                  Tmut/Erth      ##......     52%         4    #####..
 Lee's Rapid Deconstruct  Erth           ###.......   58%         5    ######.


Dungeon Overview and Level Annotations

Branches:
Dungeon (3/15)

Altars:
Hepliaklqana
Vehumet

Annotations:
D:3 1 runed door, Jamjie98's ghost, amateur DrFE


Innate Abilities, Weirdness & Mutations

You are resistant to torment.
((Your stone body is resilient. (AC +3)))
You are immune to poison.
You resist negative energy. (rN+)
((You are resistant to electric shocks. (rElec)))
((You can survive without breathing.))
You are immune to petrification.
You are immune to rotting.


Message History

Aiming: Sandblast (safe; 6% risk of failure)
Press: ? - help, Shift-Dir - straight line, f/p - Jamjie98's ghost
Aim: Jamjie98's ghost (lightly damaged)
The blast of sand hits Jamjie98's ghost.
Jamjie98's ghost is moderately damaged.
b - 124 stones It was a potion of curing.
You feel better. Jamjie98's ghost hits you.
It was a potion of lignification.
You turn into a tree.
Your +0 cloak melds into your body.
Your +0 pair of boots melds into your body.
Your +0 ring mail melds into your body.
Your roots penetrate the ground.
Jamjie98's ghost gestures at you while chanting.
The flame tongue hits you!
* * * LOW HITPOINT WARNING * * *
The worm bites you.
* * * LOW HITPOINT WARNING * * *
It was a potion of flight.
Your roots keep you in place.
Jamjie98's ghost points at you and mumbles some strange words.
Helpless, you fail to dodge the flame tongue.
You die...

...###....##.........##+##
##....<.#.....#.##.###≈≈≈#
#####...............#w≈≈#
#....#.....)....#≈≈≈#
##..#....#.......#≈≈≈#
#..##..#####.....#≈$≈#
#####......# #.....#≈≈≈#
..........######.w...#≈≈≈#
...........<..>#♣W...#≈≈≈#
...............#.....#≈≈≈#
##...##........#[....##†##
#...##........#...w†....#
####################...##
#####


You could see 2 worms and Jamjie98's ghost.

Vanquished Creatures
  4 adders
  A dart slug (D:2)
  4 leopard geckos
  2 orcs
  2 giant cockroaches
  10 goblins
  4 hobgoblins
  9 jackals
  3 ball pythons
  5 bats (D:1)
  7 frilled lizards
  5 kobolds
  13 rats
69 creatures vanquished.

Notes
Turn   | Place    | Note
-------+----------+-------------------------------------------
     0 | D:1      | leisz the Gargoyle Earth Elementalist began the quest for
                  | the Orb.
     0 | D:1      | Reached XP level 1. HP: 10/10 MP: 3/3
   200 | D:1      | Reached XP level 2. HP: 15/15 MP: 1/5
   484 | D:1      | Reached skill level 4 in Earth Magic
   626 | D:1      | Reached XP level 3. HP: 20/20 MP: 6/6
   696 | D:1      | Reached skill level 1 in Fighting
  1650 | D:2      | Found a faded altar of an unknown god.
  1675 | D:2      | Found a hazy altar of Hepliaklqana.
  1677 | D:2      | Found a radiant altar of Vehumet.
  1707 | D:2      | Became a worshipper of Vehumet
  1806 | D:2      | Reached XP level 4. HP: 17/25 MP: 6/8
  2655 | D:3      | Reached * piety under Vehumet
  2655 | D:3      | Offered knowledge of Freeze by Vehumet.
  2683 | D:3      | Found a runed door.
  2685 | D:3      | Noticed Jamjie98's ghost (amateur DrFE)
  2700 | D:3      | Found a runed door.
  3080 | D:3      | Killed from afar by Jamjie98's ghost

Skill      XL: |  1  2  3  4 |
---------------+-------------+-----
Earth Magic    | 4 |  4.7
Fighting       | 1 2 |  2.2
Spellcasting   | 3 |  3.0
Dodging        | |  1.7
Stealth        | |  2.5
Transmutations | |  0.7

Action                   |  1- 3 |  4- 6 || total
-------------------------+-------+-------++-------
Melee: Whip              |   132 |    67 ||   199
       Unarmed           |    15 |       ||    15
       Dagger            |     5 |       ||     5
Throw: Stone             |     2 |       ||     2
 Cast: Sandblast         |    28 |    25 ||    53
  Use: Potion            |       |     3 ||     3
       Scroll            |       |     1 ||     1
 Stab: Sleeping          |     1 |       ||     1
  Eat: Chunk             |    15 |     5 ||    20
Armor: Robe              |    38 |       ||    38
       Leather armour    |    23 |     6 ||    29
       Ring mail         |       |    47 ||    47
Dodge: Dodged            |   134 |    60 ||   194
